 Dungeon Crawl Stone Soup version 0.17.0-19-gb37c632 (console) character file.

317 Kloppie the Slasher (level 6, 0/42 HPs)
             Began as a High Elf Skald on Nov 12, 2015.
             Slain by a big kobold
             ... wielding a +1 dagger of venom
              (6 damage)
             ... in a sewer.
             The game lasted 00:13:03 (5259 turns).

Kloppie the Slasher (High Elf Skald)                Turns: 5259, Time: 00:13:03

Health: 0/42       AC:  8    Str: 12    XL:     6   Next: 20%
Magic:  4/10       EV: 14    Int: 18    God:
Gold:   170        SH:  0    Dex: 14    Spells: 4 memorised, 0 levels left

rFire  . . .     SeeInvis .     a - +0 falchion
rCold  . . .     Clarity  .     v - +0 ring mail
rNeg   . . .     SustAt   .     (no shield)
rPois  .         Gourm    .     e - +0 helmet (curse)
rElec  .         Spirit   .     w - +0 cloak
rCorr  .         Warding  .     x - +0 pair of gloves
rMut   .         Stasis   .     (no boots)
MR     .....                    (no amulet)
Stlth  +.........               (no ring)
                                g - +4 ring of evasion

@: lethally poisoned (0 -> -36), not resistant to hostile enchantments, very
unstealthy
A: no striking features
a: no special abilities


You were in a sewer.
You were hungry.

You visited 1 branch of the dungeon, and saw 5 of its levels.
You also visited: Sewer.

You collected 170 gold pieces.

Inventory:

Hand Weapons
 a - a +0 falchion (weapon)
Missiles
 y - 6 poisoned needles
Armour
 e - a cursed +0 helmet (worn)
 v - a +0 ring mail (worn)
 w - a +0 cloak (worn)
 x - a +0 pair of gloves (worn)
Jewellery
 g - a +4 ring of evasion (left hand)
Scrolls
 h - 5 scrolls of identify {unknown}
 i - a scroll of fog {unknown}
 n - a scroll of random uselessness {unknown}
 p - a scroll of recharging {unknown}
 q - 2 scrolls of noise {unknown}
 s - 3 scrolls of teleportation {unknown}
 z - a scroll of remove curse {unknown}
Potions
 b - a potion of agility {unknown}
 f - a potion of lignification {unknown}
 k - a potion of brilliance {unknown}
 l - a potion of cure mutation {unknown}
 m - a potion of heal wounds {unknown}
 r - 2 potions of magic {unknown}
 A - a potion of ambrosia {unknown}
Books
 c - a book of Battle

   Spells                             Type                      Level
   a - Infusion                       Charms                       1
   b - Shroud of Golubria             Charms/Translocation         2
   c - Song of Slaying                Charms                       2
   d - Spectral Weapon                Hexes/Charms                 3
   e - Regeneration                   Charms/Necromancy            3
 o - a book of Cantrips

   Spells                             Type                      Level
   a - Corona                         Hexes                        1
   b - Animate Skeleton               Necromancy                   1
   c - Summon Small Mammal            Summoning                    1
   d - Apportation                    Translocation                1
Comestibles
 d - 2 bread rations
 j - 2 beef jerkies
 t - 2 meat rations
 u - a slice of pizza
 B - 4 fruits
 C - 4 chunks of flesh


   Skills:
 - Level 3.1 Fighting
 + Level 5.0 Long Blades
 - Level 2.1 Armour
 - Level 1.1 Dodging
 - Level 2.4 Spellcasting
 + Level 4.8 Charms
 + Level 2.7 Translocations


You couldn't memorise any spells.
You knew the following spells:

 Your Spells              Type           Power        Failure   Level  Hunger
a - Infusion              Chrm           ###...       8%          1    #......
b - Shroud of Golubria    Chrm/Tloc      ###.......   14%         2    ##.....
c - Regeneration          Chrm/Necr      ##........   41%         3    ###....
d - Spectral Weapon       Hex/Chrm       ##......     41%         3    ###....


Dungeon Overview and Level Annotations

Branches:
Dungeon (5/15)
 Temple: D:4-7

Altars:
Elyvilon
The Shining One

Annotations:
D:4 Garrluk's ghost, amateur OgHu


Message History

You are more poisoned.
Your ring mail prevents you from hitting the big kobold.
The big kobold is severely wounded.
* * * LOW HITPOINT WARNING * * *
You feel very sick.
The big kobold hits you with a dagger of venom.
* * * LOW HITPOINT WARNING * * *
You are more poisoned.
You hit the big kobold.
The big kobold is severely wounded.
You are no longer magically infusing your attacks.
* * * LOW HITPOINT WARNING * * *
You feel very sick.
The big kobold splashes around in the water.
You barely miss the big kobold.
The big kobold is severely wounded.
* * * LOW HITPOINT WARNING * * *
You feel very sick.
The big kobold hits you with a dagger of venom.
You die...

#≈# #≈# #≈# #≈# #≈#
#≈# #≈#
##≈#########
#(≈.(@).≈≈.#
.....≈≈≈.)K≈≈..#
≈≈≈≈≈≈≈≈≈≈≈≈≈≈≈#
≈≈≈≈≈≈≈≈≈≈≈≈≈≈≈≈...
≈≈≈≈≈≈≈≈≈≈≈≈≈≈≈≈#..
.........≈≈≈≈≈≈.# .
##.###.≈...≈....#
#∩ ############


You could see a big kobold.

Vanquished Creatures
  2 orc priests (D:3)
  Natasha (thrice) (D:3)
  A hound skeleton (D:4)
  Robin (D:2)
  7 adders
  2 river rats (Sewer)
  3 worms
  2 giant geckos (D:5)
  6 orcs
  2 ball pythons (D:1)
  10 giant cockroaches
  11 hobgoblins
  2 jackals (Sewer)
  9 kobolds
  5 quokkas
  8 bats
  4 giant newts
  16 goblins
  12 rats
106 creatures vanquished.

Notes
Turn   | Place    | Note
--------------------------------------------------------------
     0 | D:1      | Kloppie the High Elf Skald began the quest for the Orb.
     0 | D:1      | Reached XP level 1. HP: 14/14 MP: 4/4
    72 | D:1      | Reached skill level 1 in Armour
   338 | D:1      | Reached XP level 2. HP: 17/19 MP: 6/6
   399 | D:1      | Found a glowing golden altar of the Shining One.
  1233 | D:2      | Reached XP level 3. HP: 10/25 MP: 3/7
  1941 | D:2      | Noticed Robin
  1992 | D:2      | Reached XP level 4. HP: 13/30 MP: 0/8
  2006 | D:2      | Killed Robin
  2465 | D:2      | Learned a level 2 spell: Shroud of Golubria
  2469 | D:2      | Learned a level 3 spell: Regeneration
  3016 | D:2      | Reached skill level 4 in Long Blades
  3298 | D:3      | Found a white marble altar of Elyvilon.
  3338 | D:3      | Reached skill level 1 in Translocations
  3372 | D:3      | Reached XP level 5. HP: 15/36 MP: 4/9
  3528 | D:3      | Noticed Natasha
  3551 | D:3      | Killed Natasha
  4187 | D:3      | Noticed Natasha
  4195 | D:3      | Killed Natasha
  4270 | D:3      | Noticed Natasha
  4278 | D:3      | Killed Natasha
  4507 | D:4      | Reached XP level 6. HP: 32/42 MP: 10/10
  4512 | D:4      | Learned a level 3 spell: Spectral Weapon
  4572 | D:4      | Noticed Garrluk's ghost (amateur OgHu)
  5085 | D:5      | Entered Level 5 of the Dungeon
  5158 | D:5      | Found a glowing drain.
  5175 | Sewer    | Entered a sewer
  5187 | Sewer    | Reached skill level 5 in Long Blades
  5259 | Sewer    | Slain by a big kobold

Action                   |  1- 3 |  4- 6 || total
-------------------------+-------+-------++-------
Melee: Falchion          |   105 |   304 ||   409
 Cast: Infusion          |     5 |    13 ||    18
       Shroud of Golubri |       |     1 ||     1
  Use: Potion            |     3 |     4 ||     7
 Stab: Sleeping          |     4 |       ||     4
  Eat: Chunk             |     3 |    11 ||    14
